 Dungeon Crawl Stone Soup version 0.29.1-1-gd02db6906a (webtiles) character file.

Game seed: 4476231199826771439

16273 LustLizard the Grappler (level 12, -5/115 (122) HPs)
             Began as a Troll Fighter on Sept 22, 2022.
             Was a High Priest of Wu Jian.
             Slain by a spectral meliai (7 damage)
             ... in a Gauntlet.
             The game lasted 00:25:35 (12135 turns).

LustLizard the Grappler (Troll Fighter)            Turns: 12135, Time: 00:25:35

HP:   -5/115 (122)  AC:  4    Str: 27    XL:     12   Next: 8%
MP:   20/20         EV: 10    Int: 18    God:    Wu Jian [*****.]
Gold: 126           SH: 19    Dex:  9    Spells: 11/11 levels left

rFire   + . .      SeeInvis .     - Unarmed
rCold   . . .      Faith    +   m - +9 kite shield "Pown" {Int+6}
rNeg    . . .      Spirit   .   a - +0 robe
rPois   .          Reflect  .   (helmet restricted)
rElec   +          Harm     .   (no cloak)
rCorr   .          Rampage  .   (gloves unavailable)
Will    .....      NoTele   +   (boots unavailable)
Stlth   ++........              C - amulet "Qoonitie" {Faith Fly rElec}
HPRegen 1.09/turn               j - ring "Hegoar" {rF+ Int+4 Stlth+}
MPRegen 0.17/turn               D - ring of magical power

@: lethally poisoned (-5 -> -12), flying, slowed, drained, very slow
A: large, unfitting armour, claws 3, regeneration 1, shaggy fur 1, tough skin 1
a: Renounce Religion, Wall Jump, Serpent's Lash, Heavenly Storm


You were in a Gauntlet.
You worshipped Wu Jian.
Wu Jian was extremely pleased with you.
You visited 3 branches of the dungeon, and saw 14 of its levels.
You also visited: Gauntlet.

You collected 758 gold pieces.
You spent 632 gold pieces at shops.

Inventory:

Missiles
 b - 5 curare-tipped darts
 w - 9 javelins (quivered)
 x - 38 poisoned darts
Armour
 a - a +0 robe (worn)
 m - the +9 kite shield "Pown" (worn) {Int+6}
   (You acquired it on level 3 of the Dungeon)

   Int:       It affects your intelligence (+6).
Jewellery
 e - a +6 ring of dexterity
 j - the ring "Hegoar" (left claw) {rF+ Int+4 Stlth+}
   (You found it in a Gauntlet)

   [ring of protection from fire]

   Int:       It affects your intelligence (+4).
   rF:        It protects you from fire.
   Stlth:     It makes you more stealthy.
 C - the amulet "Qoonitie" (around neck) {Faith Fly rElec}
   (You took it off a wight on level 7 of the Dungeon)

   [amulet of faith]

   It allows you to gain divine favour quickly.
   rElec:     It insulates you from electricity.
   Fly:       It grants you flight.
 D - a ring of magical power (right claw)
 E - an amulet of reflection
Wands
 s - a wand of flame (49)
 y - a wand of iceblast (26)
 A - a wand of mindburst (22)
 I - a wand of light (6)
 L - a wand of charming (7)
Scrolls
 d - a scroll of magic mapping {unknown}
 f - a scroll of blinking {unknown}
 h - a scroll of brand weapon
 i - a scroll of amnesia
 n - 4 scrolls of teleportation
 q - 2 scrolls of enchant weapon
 r - 3 scrolls of enchant armour
 t - a scroll of poison
 G - 3 scrolls of butterflies {unknown}
Potions
 c - 3 potions of might
 g - 3 potions of brilliance
 p - 2 potions of berserk rage
 u - a potion of ambrosia
 v - 2 potions of resistance
 z - 5 potions of flight
 B - 3 potions of curing
 F - 3 potions of magic
 J - 2 potions of mutation
 M - a potion of attraction
Miscellaneous
 k - a tin of tremorstones (2/2)
 K - a lightning rod (4/4)


   Skills:
 + Level 8.7 Fighting
 + Level 5.1 Dodging
 + Level 9.6 Shields
 * Level 14.0 Unarmed Combat


You had 11 spell levels left.
You didn't know any spells.
Your spell library contained the following spells:

 Spells                   Type           Power      Damage    Failure   Level
 Apportation              Tloc           0%         N/A       38%         1
 Magic Dart               Conj           0%         1d3       38%         1
 Necrotise                Necr           0%         1d4       38%         1
 Summon Small Mammal      Summ           0%         N/A       38%         1
 Call Imp                 Summ           0%         N/A       52%         2
 Poisonous Vapours        Pois/Air       0%         N/A       52%         2
 Call Canine Familiar     Summ           0%         N/A       77%         3
 Dazzling Flash           Conj/Hex       0%         N/A       77%         3
 Gell's Gravitas          Tloc           0%         N/A       77%         3
 Lesser Beckoning         Tloc           0%         N/A       77%         3
 Mephitic Cloud           Conj/Pois/Air  0%         N/A       77%         3
 Ozocubu's Armour         Ice            0%         N/A       77%         3
 Summon Guardian Golem    Hex/Summ       0%         N/A       77%         3
 Teleport Other           Tloc           0%         N/A       77%         3
 Corpse Rot               Necr/Pois/Air  0%         N/A       99%         4
 Agony                    Necr           0%         N/A       100%        5
 Metabolic Englaciation   Hex/Ice        0%         N/A       100%        5
 Silence                  Hex/Air        0%         N/A       100%        5
 Simulacrum               Ice/Necr       0%         N/A       100%        6


Dungeon Overview and Level Annotations

Branches:
Dungeon (11/15)            Temple (1/1) D:4            Lair (2/5) D:8
  Snake (0/4) Lair:2          Orc (0/2) D:11        Gauntlet (1/1)
  Swamp: Lair:2-3    Shoals: Lair:2-3

Altars:
Dithmenos
Elyvilon
Fedhas
Kikubaaqudgha
Makhleb
Nemelex Xobeh
Qazlal
Vehumet
Wu Jian
The Shining One

Shops:
D:3 *?   D:6 =

Annotations:
Gauntlet 9 transporters


Innate Abilities, Weirdness & Mutations

You are too large for most types of armour.
You have claws for hands.
Your natural rate of healing is unusually fast.
You are covered in fur. (AC +1)
You have tough skin. (AC +1)


Message History

You feel drained. You block the spectral meliai's attack.
The spectral meliai hits you but does no damage.
The death drake breathes miasma at you. The foul vapour engulfs you.
You are more poisoned.
* * * LOW HITPOINT WARNING * * *
The spectral centaur warrior fails to trigger a net trap.
The spectral meliai hits you!
* * * LOW HITPOINT WARNING * * *
You block the spectral meliai's attack.
You feel better.
You are engulfed in dark miasma.
You are poisoned.
* * * LOW HITPOINT WARNING * * *
You feel very sick.
You block the spectral meliai's attack. x2; The death drake bites you.
* * * LOW HITPOINT WARNING * * *
You block the spectral centaur warrior's attack.
The spectral centaur warrior kicks you.
* * * LOW HITPOINT WARNING * * *
The spectral meliai hits you but does no damage.
The spectral meliai closely misses you. The death drake bites you.
* * * LOW HITPOINT WARNING * * *
You block the spectral centaur warrior's attack.
The spectral centaur warrior kicks you.
* * * LOW HITPOINT WARNING * * *
The spectral meliai hits you.
* * * LOW HITPOINT WARNING * * *
You feel drained. The spectral meliai hits you.
* * * LOW HITPOINT WARNING * * *
You feel drained.
* * * LOW HITPOINT WARNING * * *
You feel better.
You are engulfed in dark miasma.
You are lethally poisoned!
* * * LOW HITPOINT WARNING * * *
x2 You feel extremely sick.
You block the spectral meliai's attack. x2
You block the spectral centaur warrior's attack.
The spectral centaur warrior kicks you but does no damage.
The death drake closely misses you. The spectral meliai hits you!
You die...

...........≈....#.©.#.....#8#
..........≈8≈...#...#.8...###
...........≈....#.©.#.....#
##########...###########..###
.........#...##○......##..#8#
.........#...#.#.....#.#..###
.#######.#...#..#Z°.#..#..#
#.#.#.#.##...#..Z#©#^..#..###
....©....#...#.k@Z#Z...#..#8#
.#.#.#.#.#...#...#.#...#..###
.#######.#...#..#.§.#^.#..#
........W#...#.#.....#.#..###
....©}!..#...##§!?©[$.##..#8#
##########...###########..###
..........................#
..........≈∩≈§...........≈#
###########################


You could see a death drake (catching breath), a spectral centaur warrior, a
spectral meliai and a centaur warrior zombie.

Vanquished Creatures
  A boulder beetle (D:11)
  A two-headed ogre (D:6)
  A deep troll (D:10)
  Pikel (D:4)
  4 elephants
  A cyclops (D:11)
  A black mamba (Lair:2)
  A gargoyle (D:10)
  Psyche (D:11)
  2 cane toads (Lair:2)
  3 komodo dragons (Lair:2)
  A raiju (Gauntlet)
  2 dream sheep (D:11)
  3 wyverns
  10 yaks
  A basilisk (Lair:1)
  6 vampire mosquitoes
  4 steam dragons
  14 water moccasins
  3 orc warriors
  2 sky beasts
  4 black bears
  4 wolves (Lair:2)
  2 centaurs
  4 lemures (D:4)
  A phantom (D:6)
  5 kobold brigands
  Blork the orc (D:5)
  7 bullfrogs
  A necrophage (D:6)
  A gnoll sergeant (D:10)
  5 scorpions
  7 wights
  9 killer bees
  4 howler monkeys
  5 hounds
  2 jellies
  6 orc priests
  2 gnoll boudas
  2 hell rats (Lair:1)
  2 iguanas (D:5)
  17 orc wizards
  A lightning spire (Gauntlet)
  14 gnolls
  8 adders
  7 river rats (Lair:1)
  2 white imps
  2 worms
  3 dart slugs
  30 orcs
  A bat (D:2)
  6 endoplasms
  4 giant cockroaches
  3 goblins
  3 hobgoblins
  22 kobolds
  4 quokkas
  8 ball pythons
  A frilled lizard (D:1)
  9 rats
282 creatures vanquished.

Vanquished Creatures (others)
  An orc wizard (D:8)
  2 orcs (D:8)
  15 fungi (D:8)
  6 plants
24 creatures vanquished.

Grand Total: 306 creatures vanquished

Notes
Turn   | Place    | Note
-------+----------+-------------------------------------------
     0 | D:1      | LustLizard the Troll Fighter began the quest for the Orb.
     0 | D:1      | Reached XP level 1. HP: 22/22 MP: 0/0
    79 | D:1      | Reached XP level 2. HP: 24/29 MP: 1/1
   631 | D:2      | Reached XP level 3. HP: 36/36 MP: 2/2
   896 | D:2      | Reached skill level 3 in Unarmed Combat
  1184 | D:3      | Reached XP level 4. HP: 44/44 MP: 3/3
  1278 | D:3      | Found Ykecewul's Weapon Boutique.
  1512 | D:3      | Found Anoveuja's General Store.
  1935 | D:3      | Found Yrupnane's Magic Scroll Emporium.
  1944 | D:3      | Bought a scroll of identify for 28 gold pieces
  1944 | D:3      | Bought a scroll of identify for 28 gold pieces
  1944 | D:3      | Bought 2 scrolls of identify for 56 gold pieces
  1973 | D:3      | Reached skill level 5 in Fighting
  1973 | D:3      | Reached skill level 8 in Unarmed Combat
  1973 | D:3      | Reached XP level 5. HP: 58/58 MP: 4/4
  2017 | D:4      | Noticed a lemure
  2028 | D:4      | Killed a lemure
  2032 | D:4      | Noticed Pikel
  2032 | D:4      | Noticed a lemure
  2032 | D:4      | Noticed a lemure
  2035 | D:4      | Noticed a lemure
  2178 | D:4      | Found a staircase to the Ecumenical Temple.
  2190 | D:4      | Killed a lemure
  2194 | D:4      | Killed a lemure
  2198 | D:4      | Killed a lemure
  2218 | D:4      | Killed Pikel
  2219 | D:4      | Reached skill level 9 in Unarmed Combat
  2219 | D:4      | Reached XP level 6. HP: 48/67 MP: 5/5
  2219 | D:4      | Reached XP level 7. HP: 54/74 MP: 6/6
  2247 | Temple   | Entered the Ecumenical Temple
  2254 | Temple   | Became a worshipper of the Wu Jian Council
  2915 | D:4      | Identified the +4 scale mail "Rueju" {rF++ Regen+ Str-3}
  2969 | D:5      | Entered Level 5 of the Dungeon
  3019 | D:5      | Reached XP level 8. HP: 58/83 MP: 7/7
  3404 | D:5      | Reached * piety under Wu Jian
  3440 | D:5      | Noticed Blork the orc
  3445 | D:5      | Killed Blork the orc
  3446 | D:5      | Reached skill level 10 in Unarmed Combat
  4061 | D:6      | Found Nikh's Jewellery Shoppe.
  4433 | D:6      | Reached XP level 9. HP: 90/92 MP: 8/8
  4634 | D:6      | Reached ** piety under Wu Jian
  4704 | D:6      | Noticed a two-headed ogre
  4711 | D:6      | Killed a two-headed ogre
  4712 | D:6      | Reached skill level 11 in Unarmed Combat
  5387 | D:7      | Identified the amulet "Qoonitie" {Faith Fly rElec}
  5677 | D:7      | Found a white marble altar of Elyvilon.
  5792 | D:8      | Noticed an elephant
  5800 | D:8      | Killed an elephant
  5801 | D:8      | Reached XP level 10. HP: 84/102 MP: 9/9
  5856 | D:8      | Found a shadowy altar of Dithmenos.
  6007 | D:8      | Found a stormy altar of Qazlal.
  6035 | D:8      | Got the Meditations on Septic Left-Handed Secrets
  6244 | D:8      | Found a staircase to the Lair.
  6279 | D:8      | Reached *** piety under Wu Jian
  6384 | D:8      | Reached skill level 12 in Unarmed Combat
  7329 | D:10     | Entered Level 10 of the Dungeon
  7357 | D:10     | Noticed a gargoyle
  7487 | D:10     | You are sucked into a shaft and drop 1 floor!
  7715 | D:10     | Reached **** piety under Wu Jian
  7866 | D:10     | Killed a gargoyle
  8546 | D:10     | Noticed a deep troll
  8556 | D:10     | Killed a deep troll
  8557 | D:10     | Reached XP level 11. HP: 44/111 MP: 10/10
  9087 | D:11     | Noticed Psyche
  9096 | D:11     | Killed Psyche
  9125 | D:11     | Found a staircase to the Orcish Mines.
  9323 | D:11     | Noticed a boulder beetle
  9338 | D:11     | Killed a boulder beetle
  9339 | D:11     | Reached skill level 13 in Unarmed Combat
  9470 | D:11     | Reached ***** piety under Wu Jian
  9488 | D:11     | Noticed a three-headed hydra
  9924 | D:3      | Bought a scroll of acquirement for 520 gold pieces
  9924 | D:3      | Acquired the +9 kite shield "Pown" {Int+6}
 10060 | Lair:1   | Entered Level 1 of the Lair of Beasts
 11518 | Lair:2   | Found a staircase to the Snake Pit.
 11613 | Lair:2   | Found a gate leading to a gauntlet.
 11638 | Lair:2   | Reached XP level 12. HP: 89/122 MP: 11/11
 11640 | Lair:2   | Reached skill level 5 in Dodging
 11655 | Lair:2   | Reached skill level 14 in Unarmed Combat
 11724 | Gauntlet | Entered a Gauntlet
 11724 | Gauntlet | Found a transporter.
 11724 | Gauntlet | Found a transporter.
 11724 | Gauntlet | Found a transporter.
 11725 | Gauntlet | Found a transporter.
 11737 | Gauntlet | Found a transporter.
 11739 | Gauntlet | Found a transporter.
 11747 | Gauntlet | Found a transporter.
 11778 | Gauntlet | Found a transporter.
 11787 | Gauntlet | Found a transporter.
 11804 | Gauntlet | Found a transporter.
 11857 | Gauntlet | Found a transporter.
 11882 | Gauntlet | Found a transporter.
 12074 | Gauntlet | Identified the ring "Hegoar" {rF+ Int+4 Stlth+}
 12134 | Gauntlet | HP: 4/117 [spectral meliai (3)]
 12135 | Gauntlet | Slain by a spectral meliai

Illustrated notes

Levels and vault maps discovered:
D:1:      minmay_arrival_four_loops, layout_basic, st_stairs_4,
          minmay_liquid_box
D:2:      layout_loops_ring
D:3:      layout_basic, serial_shops, nicolae_lakefront_shop,
          nicolae_shop_bloodbath_and_beyond, shop, hex_large
D:4:      layout_loops_corners, minmay_temple_entry_stoned_glass,
          item_on_display_a, uniq_pikel
D:5:      layout_basic, chequers_arboretum, guppyfry_early_orc_mine,
          uniq_blork_the_orc
D:6:      layout_layer_cave, serial_shops, shop, corexii_corridor_pit,
          palyth_stone_intersect
D:7:      layout_rooms, kennysheep_mini
D:8:      layout_basic, grunt_qazlal_sundering,
          mainiacjoe_overflow_cross_hatched, david_lair_generic
D:9:      layout_irregular_city, serial_column_ruins, column_ruins_hut,
          column_ruins_grid_1, column_ruins_open_medium,
          column_ruins_columns_straight, column_ruins_open_medium
D:10:     dreamdust_cave_troll, layout_gridville, nicolae_zen_rock_garden
D:11:     layout_long_grid, minmay_orc_entry_temple_small, hangedman_ranch,
          uniq_psyche
Temple:   hellmonk_temple_of_storms
Lair:1:   layout_layer_cave, kennysheep_rathole
Lair:2:   regret_index_combs_of_tragedy, layout_hall_layers,
          minmay_swamp_entry_swarm, minmay_snake_entry_six_corridors,
          gauntlet_entry_generic, infiniplex_staircase_pool_2
Gauntlet: gammafunk_gauntlet_shortcut [gammafunk_gauntlet_arena_spirals,
          nicolae_gauntlet_arena_x, nicolae_gauntlet_swirl,
          nicolae_gauntlet_arena_blocks, nicolae_gauntlet_arena_t_cross,
          gammafunk_gauntlet_arena_teeth,
          nicolae_gauntlet_exit_dead_adventurers]

Skill      XL: |  1  2  3  4  5  6  7  8  9 10 11 12 |
---------------+-------------------------------------+-----
Shields        | 3 6 7 8 9 |  9.6
Unarmed Combat | 3 8 9 10 11 12 13 14 | 14.0
Fighting       | 5 6 7 8 |  8.7
Dodging        | 3 4 5 |  5.1

Action                   |  1- 3 |  4- 6 |  7- 9 | 10-12 || total
-------------------------+-------+-------+-------+-------++-------
Melee: Unarmed           |    83 |    67 |   225 |   446 ||   821
Throw: Dart              |       |       |     2 |     5 ||     7
       Javelin           |       |       |       |     2 ||     2
Invok: Lunge             |       |       |    30 |    34 ||    64
       Whirlwind         |       |       |     1 |    24 ||    25
Evoke: Wand              |       |       |     3 |     5 ||     8
  Use: Scroll            |     3 |     8 |     4 |    11 ||    26
       Potion            |       |     1 |       |     7 ||     8
 Stab: Sleeping          |     4 |     1 |     5 |       ||    10
Armor: Robe              |    18 |     9 |    19 |    53 ||    99
Dodge: Dodged            |    23 |    18 |    70 |   102 ||   213
Block: Kite shield       |    28 |    22 |    69 |   268 ||   387
